 Dungeon Crawl Stone Soup version 0.23.2-40-g277498a001 (webtiles) character file.

Game seed: 9710548604473296198

95 Amplified the Shield-Bearer (level 4, -2/63 HPs)
             Began as a Deep Dwarf Fighter on Oct 2, 2019.
             Slain by an ogre
             ... wielding a cursed -3 giant spiked club
              (19 damage)
             ... on level 4 of the Dungeon.
             The game lasted 00:02:55 (1470 turns).

Amplified the Shield-Bearer (Deep Dwarf Fighter)    Turns: 1470, Time: 00:02:55

Health: -2/63      AC: 22    Str: 20    XL:     4   Next: 39%
Magic:  4/4        EV:  2    Int:  9    God:
Gold:   105        SH:  9    Dex: 12    Spells: 3/3 levels left

rFire    . . .     SeeInvis .   a - +0 war axe
rCold    . . .     Gourm    .   c - +0 shield
rNeg     + + +     Faith    .   (armour currently unavailable)
rPois    +         Spirit   .   (helmet currently unavailable)
rElec    .         Reflect  .   (cloak currently unavailable)
rCorr    .         Harm     .   (gloves currently unavailable)
MR       .....     NoTele   +   (boots currently unavailable)
Stlth    +.........             (no amulet)
HPRegen  0.00/turn              (no ring)
MPRegen  0.09/turn              (no ring)

@: tree-form, non-regenerating
A: damage resistance, heal wounds, sense surroundings 1, no regeneration
a: Heal Wounds


You were on level 4 of the Dungeon.
You were very hungry.
You were a tree.
You visited 1 branch of the dungeon, and saw 4 of its levels.

You collected 105 gold pieces.

Inventory:

Hand Weapons
 a - a +0 war axe (weapon)
Armour
 b - a +0 scale mail (melded)
 c - a +0 shield (worn)
 g - a +1 pair of boots (melded)
Scrolls
 j - a scroll of blinking
Potions
 e - a potion of haste
Comestibles
 f - 4 rations


   Skills:
 * Level 3.5 Fighting
 * Level 3.4 Axes
 - Level 3.2 Armour
 * Level 4.2 Shields


You had 3 spell levels left.
You didn't know any spells.
Your spell library was empty.

Dungeon Overview and Level Annotations

Branches:
Dungeon (4/15)
 Temple: D:4-7

Altars:
Fedhas
Qazlal


Innate Abilities, Weirdness & Mutations

You are resistant to damage.
You can heal yourself by infusing magical energy.
You passively map a small area around you.
You do not regenerate.


Message History

Okay, then.
Really quaff the potion of lignification? [Y]es or [N]o only, please.
Really quaff the potion of lignification?
You turn into a tree.
Your +1 pair of boots melds into your body.
Your +0 scale mail melds into your body.
Your roots penetrate the ground.
Unknown command.
You are too injured to fight recklessly!
Unknown command.
You are too injured to fight recklessly!
You hit the ogre.
The ogre is lightly wounded.
The ogre hits you with a cursed -3 giant spiked club!
* * * LOW HITPOINT WARNING * * *
Your shield prevents you from hitting the ogre.
The ogre is lightly wounded.
The ogre hits you with a cursed -3 giant spiked club!!
You die...

, #...**, #####+###
##...## , #.......##
#.....# , *
#........# #.....# ,
#........# #.....# *
* , #..(.%...#
#....(# , #........#
#.....### #....$O.#*
#.......# , #.....♣.#
#.....#.# , #.......#
###.###.#
#.....).#####☼...§#.#
#...........#.....#.#
,
+.......###...._....#
* #.......#
###.....#.# ,
#.......# #○...○#.#
#.......# ###.###.# *
####+#### #.....#


You could see an ogre.

Vanquished Creatures
  3 gnolls (D:3)
  2 adders
  A dart slug (D:1)
  An orc (D:3)
  2 bats
  3 giant cockroaches
  8 goblins
  6 hobgoblins
  5 jackals (D:1)
  2 ball pythons
  3 frilled lizards
  5 kobolds (D:1)
  4 rats
45 creatures vanquished.

Notes
Turn   | Place    | Note
-------+----------+-------------------------------------------
     0 | D:1      | Amplified the Deep Dwarf Fighter began the quest for the
                  | Orb.
     0 | D:1      | Reached XP level 1. HP: 20/20 MP: 1/1
   204 | D:1      | Reached XP level 2. HP: 21/27 MP: 2/2
   699 | D:1      | Reached XP level 3. HP: 25/34 MP: 3/3
   996 | D:2      | You fall through a shaft!
  1033 | D:3      | Found a blossoming altar of Fedhas.
  1057 | D:3      | Reached skill level 4 in Shields
  1251 | D:3      | Reached XP level 4. HP: 33/42 MP: 4/4
  1444 | D:4      | Found a stormy altar of Qazlal.
  1464 | D:4      | Noticed an ogre
  1470 | D:4      | Slain by an ogre

Skill      XL: |  1  2  3 |
---------------+----------+-----
Fighting       | 3 |  3.5
Axes           | 3 |  3.4
Shields        | 4 |  4.2
Armour         | |  3.2

Action                   |  1- 3 |  4- 6 || total
-------------------------+-------+-------++-------
Melee: War axe           |   132 |    13 ||   145
  Use: Scroll            |     2 |     1 ||     3
       Potion            |     4 |     3 ||     7
  Eat: Chunk             |     1 |       ||     1
Armor: Scale mail        |    69 |       ||    69
       Skin              |     2 |    21 ||    23
Dodge: Dodged            |    43 |     1 ||    44
Block: Shield            |    74 |    12 ||    86
